 Dungeon Crawl Stone Soup version 0.20.0-15-g7f486f2 (webtiles) character file.

269 AEnima420 the Covered (level 6, -3/48 HPs)
             Began as a Demonspawn Fighter on June 23, 2017.
             Slain by Grinder (4 damage)
             ... while paralysed by Grinder
             ... on level 3 of the Dungeon.
             The game lasted 00:10:12 (1646 turns).

AEnima420 the Covered (Demonspawn Fighter)          Turns: 1646, Time: 00:10:13

Health: -3/48      AC:  9    Str: 16    XL:     6   Next: 1%
Magic:  0/6        EV:  2    Int: 10    God:
Gold:   144        SH:  0    Dex: 14    Spells: 5/5 levels left

rFire    . . .     SeeInvis .   h - +2 spear (pierce)
rCold    + . .     Gourm    .   c - +0 shield
rNeg     . . .     Faith    .   b - +1 scale mail
rPois    .         Spirit   +   (no helmet)
rElec    .         Reflect  .   (no cloak)
rCorr    .         Harm     .   (no gloves)
MR       .....                  (no boots)
Stlth    ..........             (no amulet)
Regen    0.2/turn               (no ring)
MPRegen  0.1/turn               (no ring)

@: paralysed, heavily drained
A: molten scales 1, cold resistance 1, mutation resistance 1, magic shield,
freezing cloud immunity
a: no special abilities


You were on level 3 of the Dungeon.
You were not hungry.

You visited 1 branch of the dungeon, and saw 3 of its levels.

You collected 144 gold pieces.

Inventory:

Hand Weapons
 a - a +1 long sword
 h - a +2 spear of piercing (weapon)
 r - a +0 long sword
Armour
 b - a +1 scale mail (worn)
 c - a +0 shield (worn)
 m - a cursed -1 leather armour
Jewellery
 k - an uncursed ring of magical power {unknown}
Wands
 e - a wand of paralysis (17/24)
Scrolls
 i - a scroll of noise
 j - a scroll of teleportation
 n - a scroll of amnesia
 t - a scroll of identify
Potions
 o - a potion of curing {unknown}
 u - a potion of agility
Books
 v - a book of Conjurations

   Spells                             Type                      Level
   a - Magic Dart                     Conjuration                  1
   b - Searing Ray                    Conjuration                  2
   c - Dazzling Spray                 Conjuration/Hexes            3
   d - Fulminant Prism                Conjuration/Hexes            4
   e - Force Lance                    Conjuration/Translocation    4
   f - Iskenderun's Mystic Blast      Conjuration                  4
Comestibles
 f - 3 bread rations
 g - a royal jelly
 l - a meat ration


   Skills:
 + Level 3.7(1.0) Fighting
 - Level 3.5(0.8) Long Blades
 * Level 0.5(0.0) Polearms
 + Level 4.0(1.3) Armour
 - Level 1.0(0.0) Dodging
 * Level 3.3(0.7) Shields


You had 5 spell levels left.
You didn't know any spells.

Dungeon Overview and Level Annotations

Branches:
Dungeon (3/15)

Altars:
Gozag

Annotations:
D:3 Grinder


Innate Abilities, Weirdness & Mutations

You are partially covered in molten scales. (AC +2)
Your flesh is cold resistant. (rC+)
When hurt, damage is shared between your health and your magic reserves.
You are immune to freezing clouds.
You are somewhat resistant to further mutation.


Message History

You block Grinder's attack.
You hit Grinder but do no damage.
Grinder is severely wounded.
You block Grinder's attack.
You closely miss Grinder.
Grinder is severely wounded.
Grinder blinks!
Grinder gestures at you.
You suddenly lose the ability to move!
Grinder gestures at you. Pain shoots through your body!
* * * LOW HITPOINT WARNING * * *
You can move again.
Grinder gestures at you.
You suddenly lose the ability to move!
Grinder hits you but does no damage. Grinder hits you.
* * * LOW HITPOINT WARNING * * *
You writhe in agony.
You die...

.###########.###.#
........##.#.###.#
........##.#.....#
........##.#..##.#
........)(<#..##.#
........##(......#
>....#####....##.# ....
####.....#.#
#######.@5......)#
############....##.##....#
......(...............>###
######.#...#+##..#....##
#.#.†.......######
#.#....<..### #.#.......#
#+###.....# #.....#


You could see Grinder.

Vanquished Creatures
  The ghost of AverageBear the Cutter, an amateur DEFi (D:3)
  Jessica (D:3)
  A gnoll (D:1)
  3 adders
  3 oozes
  4 dart slugs
  5 orcs (D:3)
  5 giant cockroaches
  10 goblins
  8 hobgoblins
  6 jackals (D:3)
  3 ball pythons
  4 bats
  7 frilled lizards
  8 kobolds
  2 rats
71 creatures vanquished.

Notes
Turn   | Place    | Note
-------+----------+-------------------------------------------
     0 | D:1      | AEnima420 the Demonspawn Fighter began the quest for the Orb.
     0 | D:1      | Reached XP level 1. HP: 18/18 MP: 1/1
   115 | D:1      | Gained mutation: When hurt, damage is shared between your health and your magic reserves. [demonic ancestry]
   115 | D:1      | Reached XP level 2. HP: 21/24 MP: 2/2
   303 | D:1      | Reached skill level 3 in Armour
   328 | D:1      | Gained mutation: You are partially covered in molten scales. (AC +2) [demonic ancestry]
   328 | D:1      | Reached XP level 3. HP: 21/29 MP: 1/3
   706 | D:2      | Reached XP level 4. HP: 26/35 MP: 2/4
  1009 | D:3      | Noticed AverageBear's ghost (amateur DEFi)
  1032 | D:3      | Gained mutation: You can translocate small distances at will. [potion of mutation]
  1032 | D:3      | Gained mutation: You are clumsy. (Dex -2) [potion of mutation]
  1032 | D:3      | Gained mutation: Your magical capacity is low. (-10% MP) [potion of mutation]
  1032 | D:3      | Gained mutation: Your muscles are strong. (Str +2) [potion of mutation]
  1033 | D:3      | Lost mutation: You can translocate small distances at will. [potion of mutation]
  1033 | D:3      | Lost mutation: Your muscles are strong. (Str +2) [potion of mutation]
  1033 | D:3      | Lost mutation: Your magical capacity is low. (-10% MP) [potion of mutation]
  1033 | D:3      | Lost mutation: You are clumsy. (Dex -2) [potion of mutation]
  1033 | D:3      | Gained mutation: Your magical capacity is low. (-10% MP) [potion of mutation]
  1033 | D:3      | Gained mutation: You are somewhat resistant to further mutation. [potion of mutation]
  1033 | D:3      | Gained mutation: You are robust. (+10% HP) [potion of mutation]
  1033 | D:3      | HP: 1/38 [AverageBear's ghost (3)]
  1035 | D:3      | Killed AverageBear's ghost
  1035 | D:3      | Reached skill level 1 in Dodging
  1035 | D:3      | Gained mutation: Your flesh is cold resistant. (rC+) [demonic ancestry]
  1035 | D:3      | Reached XP level 5. HP: 2/45 MP: 0/4
  1278 | D:3      | Found an opulent altar of Gozag.
  1340 | D:3      | Noticed Jessica
  1351 | D:3      | Killed Jessica
  1351 | D:3      | Reached skill level 4 in Armour
  1518 | D:3      | Lost mutation: You are robust. (+10% HP) [potion of mutation]
  1518 | D:3      | Lost mutation: Your magical capacity is low. (-10% MP) [potion of mutation]
  1518 | D:3      | Lost mutation: You are somewhat resistant to further mutation. [potion of mutation]
  1518 | D:3      | Gained mutation: You are somewhat resistant to further mutation. [potion of mutation]
  1581 | D:3      | Noticed Grinder
  1608 | D:3      | Gained mutation: You are immune to freezing clouds. [demonic ancestry]
  1608 | D:3      | Reached XP level 6. HP: 22/48 MP: 4/6
  1609 | D:3      | Paralysed by Grinder for 5 turns
  1638 | D:3      | Paralysed by Grinder for 3 turns
  1640 | D:3      | HP: 1/48 [Grinder/nerve-wracking pain (5)]
  1643 | D:3      | Paralysed by Grinder for 6 turns
  1646 | D:3      | HP: 1/48 [Grinder (1)]
  1646 | D:3      | Slain by Grinder

Skill      XL: |  1  2  3  4  5 |
---------------+----------------+-----
Long Blades    | 2 3 |  3.5
Armour         | 3 4 |  4.0
Shields        | 3 |  3.3
Dodging        | 1 |  1.0
Fighting       | |  3.7
Polearms       | |  0.5

Action                   |  1- 3 |  4- 6 || total
-------------------------+-------+-------++-------
Melee: Long sword        |   108 |   109 ||   217
       Spear             |       |    44 ||    44
  Use: Potion            |       |     9 ||     9
       Scroll            |       |    10 ||    10
  Eat: Royal jelly       |       |     1 ||     1
       Meat ration       |       |     1 ||     1
Armor: Scale mail        |    64 |   125 ||   189
Dodge: Dodged            |    32 |    63 ||    95
Block: Shield            |    52 |   102 ||   154
       Rpst.: Long sword |    12 |    17 ||    29
